 Dungeon Crawl Stone Soup version 0.30-a0-50-gb2d611f6b1 (webtiles) character file.

Game seed: 13302168106921582915

8 drugrobin the Sneak (level 1, 0/18 HPs)
             Began as a Demigod Delver on Sept 5, 2022.
             Slain by a ball python (2 damage)
             ... on level 2 of the Dungeon.
             The game lasted 00:02:53 (973 turns).

drugrobin the Sneak (Demigod Delver)                 Turns: 973, Time: 00:02:53

Health: 0/18       AC:  3    Str: 13    XL:     1   Next: 80%
Magic:  3/3        EV:  8    Int: 12    God:
Gold:   23         SH:  0    Dex: 15    Spells: 0/0 levels left

rFire   . . .      SeeInvis .    a - +0 short sword
rCold   . . .      Faith    .    (no shield)
rNeg    . . .      Spirit   .    b - +0 leather armour
rPois   .          Reflect  .    (no helmet)
rElec   .          Harm     .    (no cloak)
rCorr   .          Rampage  .    (no gloves)
Will    .....                    (no boots)
Stlth   +++.......               (no amulet)
HPRegen 0.06/turn                (no ring)
MPRegen 0.08/turn                (no ring)

@: constricted
A: high MP 1, forlorn, divine attributes
a: no special abilities


You were on level 2 of the Dungeon.
You visited 1 branch of the dungeon, and saw 4 of its levels.

You collected 23 gold pieces.

Inventory:

Hand Weapons
 a - a +0 short sword (weapon)
 n - a +0 war axe
Missiles
 j - 4 stones (quivered)
Armour
 b - a +0 leather armour (worn)
 k - a +0 chain mail
Wands
 g - a wand of digging (3)
Scrolls
 c - a scroll of fog
 d - a scroll of magic mapping
 e - a scroll of fear
 h - a scroll of enchant weapon {unknown}
 i - a scroll of blinking {unknown}
 l - a scroll of identify {unknown}
Potions
 f - a potion of haste
 m - a potion of might {unknown}


   Skills:
 - Level 2.6 Fighting
 + Level 2.5 Short Blades
 - Level 1.7 Dodging
 - Level 4.5 Stealth


You couldn't memorise any spells.
You didn't know any spells.
Your spell library was empty.

Dungeon Overview and Level Annotations

Branches:
Dungeon (5/15)
 Temple: D:4-7


Innate Abilities, Weirdness & Mutations

You have an increased reservoir of magic. (+10% MP)
You shall have no god before yourself.
Your divine heritage dramatically boosts your attributes as you level up.


Message History

The endoplasm hits you. The kobold hits you but does no damage.
The endoplasm hits you but does no damage.
Unknown command.
You hit the ball python.
The ball python is heavily wounded.
The ball python bites you. The ball python grabs you.
The ball python constricts you.
The endoplasm hits you but does no damage.
The kobold hits you but does no damage. The endoplasm freezes you.
You are frozen.
Unknown command.
You escape the ball python's grasp.
The endoplasm attacks as you move away! The endoplasm hits you.
* * * LOW HITPOINT WARNING * * *
The ball python closely misses you. The ball python barely misses you.
Unknown command.
Unknown command.
The ball python attacks as you move away!
The ball python bites you.
* * * LOW HITPOINT WARNING * * *
The ball python closely misses you. The kobold hits you but does no damage.
Unknown command.
Unknown command.
The ball python attacks as you move away!
The ball python closely misses you. The ball python completely misses you.
A ball python comes into view.
The ball python hisses angrily.
Unknown command.
You barely miss the ball python.
The ball python is heavily wounded.
The ball python closely misses you. x2; The ball python barely misses you.
The ball python grabs you. The ball python constricts you.
* * * LOW HITPOINT WARNING * * *
Unknown command.
Unknown command.
You barely miss the ball python.
The ball python is heavily wounded.
The ball python bites you.
You die...

#......# ###......#
#### ........ ..#
#.....# ##.##
#.....####### #...##
#J........###.....
#JK.........#...#.
#S#######.#.##....
#@# #.#.##.#..
#.......# #.#....#..
#.##....# #....#####
#....# ###....#..
.).S.. #.##.#..
##....###. ##.......
#.#..###.###...#...#
.............#.##.##
...##.†....#


You could see 2 endoplasms, 2 ball pythons and a kobold.

Vanquished Creatures
  An orc (D:2)
  2 bats
  An endoplasm (D:4)
  A giant cockroach (D:2)
  A goblin (D:4)
6 creatures vanquished.

Notes
Turn   | Place    | Note
-------+----------+-------------------------------------------
     0 | D:5      | drugrobin the Demigod Delver began the quest for the Orb.
     0 | D:5      | Reached XP level 1. HP: 18/18 MP: 3/3
   119 | D:5      | Noticed a wight
   119 | D:5      | Noticed a wight
   156 | D:4      | Noticed a kobold brigand
   632 | D:3      | Noticed an orc wizard
   973 | D:2      | Slain by a ball python

Illustrated notes

Levels and vault maps discovered:
D:2:      layout_loops_ring, grunt_ministairs_12, uniq_jessica
D:3:      layout_rooms, serial_shops, shop, st_stairs_9, uniq_sigmund
D:4:      layout_basic, nicolae_overflow_hallway_of_the_gods,
          roderic_roman_lattice, minmay_crossroads, uniq_duvessa
D:5:      layout_gridville, nicolae_take_the_stairs, serial_bayou_pond_e,
          minmay_door_square, chequers_garden, serial_park_tiny_1

Skill      XL: |  1 |
---------------+----+-----
Short Blades   | 2 |  2.5
Fighting       | |  2.6
Dodging        | |  1.7
Stealth        | |  4.5

Action                   || total
-------------------------++-------
Melee: Short sword       ||    43
       Punch             ||     1
  Use: Scroll            ||     1
 Stab: Sleeping          ||     1
Armor: Leather armour    ||    30
Dodge: Dodged            ||    48

Table legend: (Time is in decaauts)
 A = Elapsed time spent in this place.
 B = Non-inter-level travel time spent in this place.
 C = Inter-level travel time spent in this place.
 D = Time resting spent in this place.
 E = Time spent auto-exploring this place.
 F = Levels seen in this place.
 G = Mean time per level.
                   A        B        C        D        E       F      G
               +--------+--------+--------+--------+--------+-----+--------+
         Total |    975 |    975 |      0 |    392 |    147 |   4 |  243.8 |
       Dungeon |    975 |    975 |      0 |    392 |    147 |   4 |  243.8 |
               +--------+--------+--------+--------+--------+-----+--------+

Top non-repeatable levels by time:
     D:2: 537 daAuts
     D:4: 196 daAuts
     D:5: 138 daAuts
     D:3: 103 daAuts
